 Dungeon Crawl Stone Soup version 0.29-a0-11-ga75d3d97ab (webtiles) character file.

Game seed: 1256259162417692021

92 robertstho the Magician (level 4, -1/32 HPs)
             Began as a Djinni Fire Elementalist on Jan 28, 2022.
             Slain by a gnoll (4 damage)
             ... on level 3 of the Dungeon.
             The game lasted 00:03:41 (3096 turns).

robertstho the Magician (Djinni Fire Elementalist)  Turns: 3096, Time: 00:03:42

Health: -1/32      AC:  7    Str:  7    XL:     4   Next: 90%
Gold:   167        EV: 12    Int: 18    God:
                   SH:  0    Dex: 14

rFire   + + +      SeeInvis .   d - +0 short sword (venom)
rCold   x . .      Faith    .   (no shield)
rNeg    . . .      Spirit   .   i - +2 robe {rF+}
rPois   ∞          Reflect  .   (no helmet)
rElec   .          Harm     .   (no cloak)
rCorr   .          Rampage  .   b - +2 pair of gloves {infuse}
Will    .....                   (boots unavailable)
Stlth   ++........              (no amulet)
HPRegen 0.10/turn               (no ring)
MPRegen 0.00/turn               (no ring)

@: mighty, flying, very slightly contaminated
A: sickness immunity, fire resistance 2, cold vulnerability 1, float, innate
caster, hp casting, extra vitality 1
a: no special abilities


You were on level 3 of the Dungeon.
You visited 1 branch of the dungeon, and saw 3 of its levels.

You collected 167 gold pieces.

Inventory:

Hand Weapons
 d - a +0 short sword of venom (weapon)
Armour
 b - a +2 pair of gloves of infusion (worn)
 i - a +2 robe of fire resistance (worn)
Jewellery
 c - a +6 ring of strength
Potions
 f - 2 potions of might
 g - a potion of brilliance {unknown}
 h - a potion of resistance {unknown}


   Skills:
 * Level 1.2 Fighting
 + Level 2.5 Dodging
 + Level 1.7 Stealth
 * Level 3.6 Spellcasting


You couldn't memorise any spells.
You knew the following spells:

 Your Spells              Type           Power      Damage    Failure   Level
a - Foxfire               Conj/Fire      64%        2x1d7     3%          1
b - Scorch                Fire           32%        2d7       4%          2
c - Conjure Flame         Conj/Fire      16%        6-21      10%         3
d - Inner Flame           Hex/Fire       16%        N/A       10%         3
e - Flame Wave            Conj/Fire      16%        2d6       32%         4
f - Beastly Appendage     Tmut           32%        N/A       3%          1
Your spell library was empty.

Dungeon Overview and Level Annotations

Branches:
Dungeon (3/15)

Altars:
Xom


Innate Abilities, Weirdness & Mutations

You are immune to sickness and miasma.
You are immune to poison.
Your flesh is very heat resistant. (rF++)
You are vulnerable to cold. (rC-)
You float through the air rather than walking.
You learn spells naturally, not from books.
Your magical power is your life essence.
You have superior vitality. (+4 MHP)


Message History

You see here a +0 plate armour.
The gnoll is no longer more vulnerable to fire.
The adder bites you.
* * * LOW HITPOINT WARNING * * *
As you read the scroll labelled BIG OSIPABARU, it crumbles to dust.
You assume a fearsome visage.
The gnoll looks frightened! x2
The adder looks frightened!
It was a scroll of fear.
Cornered, the gnoll turns to fight!
Casting: Scorch (safe; 4% risk of failure)
Confirm with . or Enter, or press ? or * to list all spells.
Okay, then.
You aren't carrying any items that you can evoke.
Unknown command.
It was a potion of curing.
You feel better.
You feel better.
Casting: Scorch (safe; 4% risk of failure)
Confirm with . or Enter, or press ? or * to list all spells.
You miscast Scorch.
You are very lightly contaminated with residual magic.
Nothing appears to happen.
The gnoll hits you but does no damage.
Unknown command.
Casting: Scorch (safe; 4% risk of failure)
Confirm with . or Enter, or press ? or * to list all spells.
Flames lash the gnoll.
The gnoll is heavily wounded.
The gnoll's fire resistance burns away.
The gnoll hits you from afar with a +0 halberd.
Unknown command.
Casting: Scorch (safe; 4% risk of failure)
Confirm with . or Enter, or press ? or * to list all spells.
Flames lash the gnoll.
The gnoll is heavily wounded.
The gnoll's fire resistance burns away.
The gnoll hits you from afar with a +0 halberd!
* * * LOW HITPOINT WARNING * * *
It was a potion of might.
You feel very mighty all of a sudden.
The gnoll hits you from afar with a +0 halberd.
You die...

#.# .# #.# ##.# #.#
#.. #.# #.# #.# ###
######.## #.# #.#
#........ #.# #.#
#.####.## #.# #.# #g#
#.# #.# #@# #.# #.#
#.# #.# #.# #.## #.#
#g# #.# #...
##.#######g# #.# ####
#........#.########.#
#..#####.#......g...#
#..# #.############
#..#
#.##################
#..#
#...................


You could see 2 gnolls.

Vanquished Creatures
  A gnoll (D:1)
  2 adders (D:2)
  2 worms
  4 dart slugs
  An orc (D:3)
  2 endoplasms
  A giant cockroach (D:3)
  6 goblins
  5 hobgoblins
  3 jackals (D:1)
  2 quokkas
  4 ball pythons
  6 bats
  5 kobolds
  5 rats
49 creatures vanquished.

Vanquished Creatures (others)
  143 foxfires
143 creatures vanquished.

Grand Total: 192 creatures vanquished

Notes
Turn   | Place    | Note
-------+----------+-------------------------------------------
     0 | D:1      | robertstho the Djinni Fire Elementalist began the quest for
                  | the Orb.
     0 | D:1      | Reached XP level 1. HP: 15/15 MP: 0/0
   148 | D:1      | Reached XP level 2. HP: 13/21 MP: 0/0
  1054 | D:1      | Reached XP level 3. HP: 24/26 MP: 0/0
  1054 | D:1      | Learned a level 1 spell: Beastly Appendage
  1091 | D:1      | Reached skill level 3 in Spellcasting
  1839 | D:2      | Reached XP level 4. HP: 29/31 MP: 0/0
  2314 | D:2      | Found a faded altar of an unknown god.
  2441 | D:2      | Reached skill level 1 in Fighting
  2845 | D:3      | Found a shimmering altar of Xom.
  3096 | D:3      | Slain by a gnoll

Illustrated notes

Levels and vault maps discovered:
D:1:      mushboom_english_gardens, layout_basic
D:2:      layout_rooms, shapermc_ecumenical_altar_totnotflames
D:3:      layout_loops_ring, zin_treasury, lemuel_round_altar, st_stairs_4

Skill      XL: |  1  2  3  4 |
---------------+-------------+-----
Spellcasting   | 3 |  3.6
Fighting       | 1 |  1.2
Dodging        | |  2.5
Stealth        | |  1.7

Action                   |  1- 3 |  4- 6 || total
-------------------------+-------+-------++-------
Melee: Short sword       |       |     5 ||     5
 Cast: Foxfire           |    66 |    29 ||    95
       Scorch            |     6 |    17 ||    23
  Use: Potion            |       |     3 ||     3
       Scroll            |       |     2 ||     2
 Stab: Sleeping          |       |     1 ||     1
Armor: Robe              |     4 |     5 ||     9
Dodge: Dodged            |     6 |    15 ||    21

Table legend: (Time is in decaauts)
 A = Elapsed time spent in this place.
 B = Non-inter-level travel time spent in this place.
 C = Inter-level travel time spent in this place.
 D = Time resting spent in this place.
 E = Time spent auto-exploring this place.
 F = Levels seen in this place.
 G = Mean time per level.
                   A        B        C        D        E       F      G
               +--------+--------+--------+--------+--------+-----+--------+
         Total |   3095 |   3062 |     33 |      0 |   2696 |   3 | 1031.7 |
       Dungeon |   3095 |   3062 |     33 |      0 |   2696 |   3 | 1031.7 |
               +--------+--------+--------+--------+--------+-----+--------+

Top non-repeatable levels by time:
     D:1: 1604 daAuts
     D:2: 926 daAuts
     D:3: 564 daAuts
